 Dungeon Crawl Stone Soup version 0.19.1-1-g22dce08 (webtiles) character file.

72131 esteth the Severer (level 15, -8/141 HPs)
             Began as a Minotaur Berserker on Jan 7, 2017.
             Was a High Priest of Trog.
             Mangled by a spark wasp (18 damage)
             ... on level 1 of the Spider Nest.
             The game lasted 01:03:56 (23787 turns).

esteth the Severer (Minotaur Berserker)            Turns: 23787, Time: 01:03:56

Health: -8/141     AC: 23    Str: 23    XL:     15   Next: 0%
Magic:  14/14      EV: 10    Int:  4    God:    Trog [*****.]
Gold:   1606       SH: 14    Dex: 15    Spells: 0 memorised, 14 levels left

rFire  + + +     SeeInvis .     y - +2 war axe (vamp)
rCold  x . .     Gourm    .     U - +4 fire dragon scales "Plog" {rF++ rC- MR++}
rNeg   . . .     Faith    .     m - +0 shield
rPois  +         Spirit   .     L - +0 hat {MR+}
rElec  .         Reflect  +     h - +2 cloak
rCorr  .         Harm     .     (no gloves)
MR     ++++.                    (no boots)
Stlth  ..........               E - +3 amulet of reflection
                                i - +1 ring of protection
                                j - ring of Dicum {rPois rF+++ Str-2 Dex+4 Slay+2}

@: no status effects
A: retaliatory headbutt, hooves 1, horns 2, yellow scales 1, weak 1
a: Berserk, Trog's Hand, Brothers in Arms, Burn Spellbooks, Renounce Religion


You were on level 1 of the Spider Nest.
You worshipped Trog.
Trog was extremely pleased with you.
You were not hungry.

You visited 4 branches of the dungeon, and saw 19 of its levels.
You also visited: Sewer.

You collected 1906 gold pieces.
You spent 300 gold pieces at shops.

Inventory:

Hand Weapons
 s - the +2 battleaxe "Ilutriemn" {chop, MR+ Dex+3}
   (You found it on level 2 of the Lair of Beasts)

   It inflicts extra damage upon your enemies.
   It affects your dexterity (+3).
   It affects your resistance to hostile enchantments.
 t - a +2 broad axe of flaming
 x - a +2 hand axe of flaming
 y - a +2 vampiric war axe (weapon)
Missiles
 a - 8 javelins of penetration (quivered)
 d - 2 javelins
 n - 3 tomahawks of returning
 N - 8 silver javelins
 S - 4 steel tomahawks
 V - 2 poisoned javelins
Armour
 h - a +2 cloak (worn)
 m - a +0 shield (worn)
 B - the +1 chain mail of the Barnacle {rPois Stlth+}
   (You found it on level 6 of the Dungeon)

   It protects you from poison.
   It makes you more stealthy.
 L - a +0 hat of magic resistance (worn)
 U - the +4 fire dragon scales "Plog" (worn) {rF++ rC- MR++}
   (You found it on level 2 of the Lair of Beasts)

   It greatly protects you from fire.
   It makes you vulnerable to cold.
   It affects your resistance to hostile enchantments.
Jewellery
 i - a +1 ring of protection (right hand)
 j - the ring of Dicum (left hand) {rPois rF+++ Str-2 Dex+4 Slay+2}
   (You acquired it on level 6 of the Lair of Beasts)

   [ring of poison resistance]

   It affects your strength (-2).
   It affects your dexterity (+4).
   It affects your accuracy and damage with ranged weapons and melee attacks
   (+2).
   It renders you almost immune to fire.
   It protects you from poison.
 u - an uncursed ring of protection from fire
 E - a +3 amulet of reflection (around neck)
 F - an uncursed ring of protection from cold
 I - an uncursed ring of protection from fire
 T - an uncursed ring of resist corrosion
 Z - an uncursed ring of protection from cold
Wands
 o - a wand of paralysis (22/24)
 G - a wand of acid (9/15)
 Y - a wand of hasting (4/9)
Scrolls
 b - 5 scrolls of remove curse
 g - 2 scrolls of fear
 z - 4 scrolls of recharging
 H - 3 scrolls of blinking
 J - a scroll of teleportation
Potions
 e - 9 potions of flight
 k - 2 potions of ambrosia {unknown}
 p - 4 potions of mutation
 q - 3 potions of lignification
 r - 4 potions of curing
 w - a potion of agility
 A - a potion of berserk rage
 C - a potion of magic
 K - a potion of might
 O - 2 potions of brilliance
 Q - a potion of haste
Miscellaneous
 M - a phial of floods
Comestibles
 c - 4 bread rations {@e1}
 f - 5 meat rations {@e2}
 l - 26 fruits
 v - a beef jerky
 D - 6 slices of pizza
 R - a royal jelly


   Skills:
 + Level 15.1 Fighting
 + Level 19.7 Axes
 - Level 10.1 Throwing
 - Level 12.2 Armour
 - Level 2.5 Dodging
 - Level 8.0 Shields


You had 14 spell levels left.
You didn't know any spells.

Dungeon Overview and Level Annotations

Branches:
Dungeon (10/15)            Temple (0/1) D:4            Lair (6/6) D:10
  Swamp (0/4) Lair:2       Spider (1/4) Lair:3        Slime (0/5) Lair:6
    Orc (2/2) D:10            Elf (0/3) Orc:2

Altars:
Ashenzari
Dithmenos
Fedhas
Kikubaaqudgha
Nemelex Xobeh
Okawaru
Qazlal
Xom
Beogh
Jiyva

Shops:
Orc:2 }(:=

Annotations:
D:2 Sigmund
Lair:2 exclusion: electric eel


Innate Abilities, Weirdness & Mutations

You reflexively headbutt those who attack you in melee.
You have a pair of horns on your head.
You have large cloven feet.
You are partially covered in yellow scales. (AC +2)
You are weak. (Str -2)


Message History

You barely miss the spark wasp. Your kick misses the spark wasp.
The spark wasp is severely wounded.
The spark wasp bursts into living lightning!
The living lightning hits you! The living lightning misses you.
The spark wasp blinks! x2
Okay, then.
You hit the spark wasp but do no damage.
Your kick misses the spark wasp.
The spark wasp is severely wounded.
The spark wasp stings you!
* * * LOW HITPOINT WARNING * * *
The spark wasp shocks you!
* * * LOW HITPOINT WARNING * * *
The spark wasp stings you.
* * * LOW HITPOINT WARNING * * *
The spark wasp shocks you!
* * * LOW HITPOINT WARNING * * *
You block the spark wasp's attack.
You feel better. The spark wasp stings you!!
You die...

##...#.##^ #...#....# ##
##†).#.... ##. ##.^...##..
###.. #....#.....
##....#### #.###.....# #
#...#.^#.####......#... ##.
...#...y.##....#....#^#
#..#....##@..#...##.#......
...#.. #..#....#.#..#.##.
..#..##......#.#..#...#.
#....#.....#..#.#.##...
#..##>.##..#...#.......
##....#....#..##...#....
.###.....#..#.......#..#.#.
.....#.#%#....#^...####...#
#...#........%.%...#..##
..##.


You could see a spark wasp.

Vanquished Creatures
  Gastronok (Lair:1)
  2 dire elephants
  7 hydras
  A merfolk avatar (Lair:6)
  3 orc high priests (Orc:2)
  3 sea snakes (Lair:6)
  2 hill giants (D:10)
  A harpy (Lair:6)
  An orb spider (Spider:1)
  An orc knight (Orc:2)
  3 wolf spiders (Spider:1)
  A manticore (Lair:6)
  2 orc sorcerers (Orc:2)
  A moth of wrath (Spider:1)
  Maurice (D:8)
  13 elephants
  4 black mambas
  16 spiny frogs
  10 komodo dragons
  7 rime drakes
  5 jumping spiders (Spider:1)
  5 polar bears
  3 hornets (Lair:6)
  5 trolls
  A two-headed ogre (Orc:1)
  3 wind drakes (Lair:6)
  6 blink frogs
  2 dream sheep (D:10)
  11 hippogriffs
  2 tarantellas (Spider:1)
  3 spriggans (Lair:4)
  22 redbacks
  3 wyverns
  57 yaks
  4 basilisks
  Grum (Lair:1)
  2 steam dragons
  2 wargs
  Edmund (D:5)
  2 mottled dragons (Lair:6)
  14 water moccasins
  3 swamp worms (Lair:2)
  6 porcupines
  A black bear (Lair:1)
  Purgy (Sewer)
  An ice beast (D:7)
  3 sky beasts
  17 orc warriors
  3 phantoms
  9 ogres
  13 wolves
  2 centaurs
  16 crocodiles
  5 big kobolds
  8 bullfrogs
  3 scorpions
  4 killer bees (D:8)
  13 wights
  2 electric eels (Lair:2)
  5 howler monkeys
  3 centaur zombies
  5 crimson imps
  A jelly (D:6)
  2 bullfrog zombies
  3 bullfrog skeletons
  7 hounds
  16 orc priests
  3 iguanas
  26 orc wizards
  2 worker ants
  2 hound skeletons
  A howler monkey zombie (D:10)
  7 gnolls (D:6)
  3 river rats (D:3)
  10 adders
  2 oozes
  3 adder skeletons
  2 worms
  2 dart slugs
  3 leopard geckos
  66 orcs
  4 ball pythons
  10 giant cockroaches
  6 goblins
  8 hobgoblins
  12 jackals
  4 quokkas
  3 bats
  7 frilled lizards
  19 kobolds
  2 leopard gecko skeletons
  3 quokka skeletons
  A quokka zombie (D:6)
  5 rats
  3 fungi
  4 plants
609 creatures vanquished.

Vanquished Creatures (collateral kills)
  Rupert (Lair:3)
  A hydra (Lair:6)
  A catoblepas (Lair:2)
  An orc high priest (Orc:2)
  3 orc knights (Orc:2)
  4 orc sorcerers (Orc:2)
  A rime drake (Lair:6)
  A komodo dragon (Lair:2)
  4 blink frogs (Lair:2)
  A yak (Lair:2)
  A basilisk (Lair:2)
  4 orc warriors (Orc:2)
  A crocodile (Lair:2)
  2 orc priests (Orc:2)
  An orc wizard (Orc:2)
  A plant (Lair:3)
28 creatures vanquished.

Vanquished Creatures (others)
  A bush (Lair:6)
  22 fungi
  28 plants
  8 toadstools (Lair:2)
59 creatures vanquished.

Grand Total: 696 creatures vanquished

Notes
Turn   | Place    | Note
-------+----------+-------------------------------------------
     0 | D:1      | esteth the Minotaur Berserker began the quest for the Orb.
     0 | D:1      | Reached XP level 1. HP: 19/19 MP: 0/0
   201 | D:1      | Reached XP level 2. HP: 8/26 MP: 1/1
   292 | D:1      | Reached skill level 4 in Axes
   989 | D:2      | Reached XP level 3. HP: 25/31 MP: 2/2
  1069 | D:2      | Reached skill level 5 in Axes
  1080 | D:2      | Noticed Sigmund
  1603 | D:1      | Reached XP level 4. HP: 30/39 MP: 3/3
  1767 | D:3      | Reached skill level 6 in Axes
  1773 | D:3      | Reached ** piety under Trog
  2048 | D:3      | Reached XP level 5. HP: 45/45 MP: 4/4
  2281 | D:3      | Found a glowing drain.
  2285 | D:3      | Reached skill level 7 in Axes
  2311 | Sewer    | Entered a sewer
  2480 | Sewer    | Noticed Purgy
  2495 | Sewer    | Killed Purgy
  2495 | Sewer    | Reached skill level 8 in Axes
  2495 | Sewer    | Reached XP level 6. HP: 34/51 MP: 5/5
  2852 | D:4      | Reached *** piety under Trog
  2901 | D:4      | Reached skill level 9 in Axes
  3005 | D:4      | Reached XP level 7. HP: 57/57 MP: 6/6
  3023 | D:4      | Found an ancient bone altar of Kikubaaqudgha.
  3148 | D:4      | Reached skill level 10 in Axes
  3269 | D:4      | Found a staircase to the Ecumenical Temple.
  3321 | D:5      | Entered Level 5 of the Dungeon
  3375 | D:5      | Reached skill level 11 in Axes
  3555 | D:5      | Reached XP level 8. HP: 50/66 MP: 7/7
  3724 | D:5      | Found Nisuxt's Antique Weapon Emporium.
  3735 | D:5      | Reached skill level 1 in Shields
  3749 | D:5      | Reached **** piety under Trog
  3809 | D:5      | Noticed Edmund
  3821 | D:5      | Killed Edmund
  4241 | D:5      | Found a shadowy altar of Dithmenos.
  4242 | D:5      | Found a blossoming altar of Fedhas.
  4339 | D:6      | Reached skill level 5 in Fighting
  4363 | D:5      | Gained mutation: You are partially covered in yellow scales. (AC +2) [potion of mutation]
  4363 | D:5      | Gained mutation: You are weak. (Str -2) [potion of mutation]
  4363 | D:5      | Gained mutation: You have large cloven feet. [potion of mutation]
  4653 | D:6      | Reached skill level 5 in Armour
  4668 | D:6      | Found an iron altar of Okawaru.
  4876 | D:6      | Got a smelly chain mail
  4887 | D:6      | Identified the +1 chain mail of the Barnacle {rPois Stlth+} (You found it on level 6 of the Dungeon)
  5080 | D:6      | Reached XP level 9. HP: 72/78 MP: 8/8
  5369 | D:7      | Reached skill level 5 in Shields
  5371 | D:7      | Reached ***** piety under Trog
  6814 | D:8      | Found an iron altar of Okawaru.
  6867 | D:8      | Noticed Maurice
  7068 | D:8      | Killed Maurice
  7068 | D:8      | Reached XP level 10. HP: 88/90 MP: 9/9
  7244 | D:8      | Got a translucent granite ring
  7283 | D:8      | Identified the ring of Reipooz {Wiz -Tele MR+ Dex+4} (You found it on level 8 of the Dungeon)
  7642 | D:8      | Found a shattered altar of Ashenzari.
  7642 | D:8      | Found a stormy altar of Qazlal.
  7983 | D:9      | Found a sparkling altar of Nemelex Xobeh.
  8132 | D:9      | Found a shimmering altar of Xom.
  8484 | D:10     | Entered Level 10 of the Dungeon
  8609 | D:10     | Found a staircase to the Lair.
  8609 | D:10     | Noticed an elephant
  8610 | D:10     | Noticed a hill giant
  8622 | D:10     | Killed an elephant
  8632 | D:10     | Killed a hill giant
  8632 | D:10     | Reached skill level 12 in Axes
  8977 | D:10     | Noticed a hill giant
  8994 | D:10     | Killed a hill giant
  8994 | D:10     | Reached skill level 13 in Axes
  9361 | D:10     | Received a gift from Trog
  9542 | D:10     | Reached skill level 14 in Axes
  9546 | D:10     | Reached XP level 11. HP: 97/97 MP: 10/10
  9584 | D:10     | Noticed a two-headed hydra
  9595 | D:10     | Killed a one-headed hydra
  9670 | D:10     | Found a staircase to the Orcish Mines.
  9864 | Lair:1   | Entered Level 1 of the Lair of Beasts
  9877 | Lair:1   | Noticed Grum
  9894 | Lair:1   | Reached skill level 1 in Throwing
  9910 | D:10     | Reached skill level 15 in Axes
 10056 | Lair:1   | Killed Grum
 10234 | Lair:1   | Noticed Gastronok
 10677 | Lair:1   | Killed Gastronok
 10677 | Lair:1   | Reached skill level 5 in Throwing
 11077 | Lair:2   | Reached skill level 16 in Axes
 11293 | Lair:2   | Noticed a six-headed hydra
 11327 | Lair:2   | Killed a one-headed hydra
 11327 | Lair:2   | Reached XP level 12. HP: 43/104 MP: 11/11
 12184 | Lair:2   | Found a staircase to the Swamp.
 12668 | Lair:2   | Found a runed door.
 12984 | Lair:2   | Received a gift from Trog
 13209 | Lair:2   | Noticed a catoblepas
 13209 | Lair:2   | Noticed a dire elephant
 13234 | Lair:2   | Killed a catoblepas
 13234 | Lair:2   | Reached skill level 17 in Axes
 13243 | Lair:2   | Killed a dire elephant
 13408 | Lair:2   | Got a transparent battleaxe
 13411 | Lair:2   | Got spiked fire dragon scales
 13413 | Lair:2   | Identified the cursed +2 battleaxe "Ilutriemn" {chop, MR+ Dex+3} (You found it on level 2 of the Lair of Beasts)
 13432 | Lair:2   | Identified the +4 fire dragon scales "Plog" {rF++ rC- MR++} (You found it on level 2 of the Lair of Beasts)
 13923 | Lair:3   | Found a hole to the Spider Nest.
 13966 | Lair:3   | Noticed a six-headed hydra
 13977 | Lair:3   | Killed a one-headed hydra
 14161 | Lair:3   | Noticed a six-headed hydra
 14169 | Lair:3   | Killed a two-headed hydra
 14490 | Lair:3   | Noticed Rupert
 14498 | Lair:3   | Killed Rupert
 14830 | Lair:3   | Noticed an eight-headed hydra
 14837 | Lair:3   | Killed a five-headed hydra
 14837 | Lair:3   | Reached XP level 13. HP: 40/111 MP: 12/12
 15283 | Lair:4   | Reached skill level 10 in Throwing
 15287 | Lair:4   | Reached skill level 18 in Axes
 15336 | Lair:4   | Received a gift from Trog
 15947 | Lair:4   | Identified a scroll of acquirement
 16399 | Lair:5   | Reached skill level 10 in Fighting
 16697 | Lair:5   | Reached skill level 10 in Armour
 17160 | Lair:6   | Entered Level 6 of the Lair of Beasts
 17184 | Lair:6   | Received a gift from Trog
 18930 | Lair:6   | Found a staircase to the Slime Pits.
 18931 | Lair:6   | Found a viscous altar of Jiyva.
 18938 | Lair:6   | Reached XP level 14. HP: 102/127 MP: 13/13
 19353 | Lair:6   | Identified Hasosm's Almanac of Illusion and Malediction
 19481 | Lair:6   | Received a gift from Trog
 20235 | Lair:6   | Got a transparent platinum ring
 20239 | Lair:6   | Identified the ring of Dicum {rPois rF+++ Str-2 Dex+4 Slay+2} (You acquired it on level 6 of the Lair of Beasts)
 20339 | Lair:6   | Received a gift from Trog
 21080 | Orc:1    | Entered Level 1 of the Orcish Mines
 21236 | Orc:1    | Received a gift from Trog
 21850 | Orc:2    | Entered Level 2 of the Orcish Mines
 21971 | Orc:2    | Reached skill level 19 in Axes
 22124 | Orc:2    | Found a roughly hewn altar of Beogh.
 22224 | Orc:2    | Found a roughly hewn altar of Beogh.
 22444 | Orc:2    | Found a staircase to the Elven Halls.
 22653 | Orc:2    | Found Vuqiuts's Jewellery Boutique.
 22670 | Orc:2    | Received a gift from Trog
 22995 | Orc:2    | Found Seg Sidd's Book Shoppe.
 23000 | Orc:2    | Found Teluemeg's Weapon Shoppe.
 23002 | Orc:2    | Found Zoeme's Gadget Boutique.
 23023 | Orc:2    | Bought a +3 amulet of reflection for 300 gold pieces
 23331 | Spider:1 | Entered Level 1 of the Spider Nest
 23656 | Spider:1 | Reached skill level 15 in Fighting
 23737 | Spider:1 | Reached XP level 15. HP: 141/141 MP: 14/14
 23786 | Spider:1 | HP: 3/141 [spark wasp (16)]
 23787 | Spider:1 | Mangled by a spark wasp

Skill      XL: |  1  2  3  4  5  6  7  8  9 10 11 12 13 14 |
---------------+-------------------------------------------+-----
Axes           | 4 5 6 8 9 11 14 16 17 18 19 | 19.7
Fighting       | 6 8 9 12 15 | 15.1
Armour         | 5 8 12 | 12.2
Shields        | 4 7 8 |  8.0
Throwing       | 6 9 10 | 10.1
Dodging        | |  2.5

Action                   |  1- 3 |  4- 6 |  7- 9 | 10-12 | 13-15 || total
-------------------------+-------+-------+-------+-------+-------++-------
Melee: Hand axe          |    92 |   144 |    58 |   243 |     6 ||   543
       Headbutt          |    12 |    25 |    72 |   134 |   153 ||   396
       War axe           |       |       |   335 |   299 |    46 ||   680
       Kick              |       |       |    60 |   214 |   249 ||   523
       Battleaxe         |       |       |       |    51 |   599 ||   650
       Broad axe         |       |       |       |       |    41 ||    41
Throw: Javelin           |       |       |       |     2 |     2 ||     4
Invok: Berserk           |       |       |     1 |       |       ||     1
       Burn Spellbooks   |       |       |       |     2 |     2 ||     4
       Trog's Hand       |       |       |       |     3 |     2 ||     5
       Brothers in Arms  |       |       |       |     3 |     2 ||     5
  Use: Scroll            |     3 |       |     9 |    12 |     9 ||    33
       Potion            |     2 |       |     4 |     3 |     8 ||    17
  Eat: Chunk             |     2 |     5 |    13 |    20 |    28 ||    68
       Meat ration       |       |       |       |     2 |       ||     2
       Bread ration      |       |       |       |     2 |       ||     2
       Fruit             |       |       |       |     4 |     8 ||    12
Armor: Animal skin       |    21 |     1 |       |       |       ||    22
       Chain mail        |       |    92 |   160 |    38 |       ||   290
       Plate armour      |       |       |       |   224 |       ||   224
       Fire dragon scale |       |       |       |    40 |   354 ||   394
       Skin              |       |       |       |       |     8 ||     8
Dodge: Dodged            |    57 |    51 |    79 |   113 |   328 ||   628
Block: Shield            |       |    21 |   137 |   228 |    23 ||   409
       Other             |       |       |       |       |     5 ||     5
